 Dungeon Crawl Stone Soup version 0.31-a0-632-g766dd24fdf (webtiles) character file.

Game seed: 15013677723656071688

65763 RepHenryClay the Protected (level 14, -3/230 HPs)
             Began as a Troll Delver on Aug 26, 2023.
             Was the Champion of Okawaru.
             Slain by a frost giant
             ... wielding a +2 battleaxe of freezing
              (21 damage)
             ... on level 11 of the Dungeon.
             The game lasted 00:44:07 (18680 turns).

RepHenryClay the Protected (Troll Delver)          Turns: 18680, Time: 00:44:08

Health: -3/230     AC: 10    Str: 30    XL:     14   Next: 76%
Magic:  18/18      EV: 20    Int:  6    God:    Okawaru [******]
Gold:   2454       SH:  0    Dex: 13    Spells: 13/13 levels left

rFire   + .          .
                       - Unarmed
rCold   . . .        (shield currently unavailable)
rNeg    . . .        M - melded +0 acid dragon scales
rPois   .            (helmet currently unavailable)
rElec   .            (cloak currently unavailable)
rCorr   .            (gloves unavailable)
SInv    .            (boots unavailable)
Will    +....        (no amulet) Stlth
                     N - +5 ring of evasion
HPRegen 1.38/turn    Y - ring of protection from fire
MPRegen 0.16/turn

%: no passive effects
@: berserking, snake-form, heroic, studying Stealth, very quick
A: constrict, boosted hp, large, unfitting armour, (claws 3), regeneration 1,
(shaggy fur 1), (tough skin 1)
a: Begin Untransformation, Renounce Religion, Heroism, Finesse, Duel


You were on level 11 of the Dungeon.
You worshipped Okawaru.
Okawaru was exalted by your worship.
You were an enormous anaconda.
You visited 4 branches of the dungeon, and saw 20 of its levels.
You also visited: Ossuary and Bailey.

You collected 3349 gold pieces.
You spent 895 gold pieces at shops.

Inventory:

Missiles
 a - 8 javelins
 d - 40 poisoned darts
 v - 19 darts of dispersal
 x - 3 throwing nets
 B - 21 large rocks
 L - 3 curare-tipped darts (quivered)
 Z - an atropa-tipped dart
Armour
 G - the +3 robe of Xoraba {Regen+}
   (Okawaru gifted it to you on level 5 of the Lair of Beasts)

   Regen+:    It increases your rate of health regeneration.
 M - +0 acid dragon scales (melded)
 U - a scarf of invisibility
Jewellery
 p - a +6 ring of intelligence
 K - a ring of fire
 N - a +5 ring of evasion (left hand)
 O - a +4 ring of protection
 R - a +6 ring of strength
 T - an amulet of faith
 Y - a ring of protection from fire (right hand)
Talismans
 o - a serpent talisman (active)
 F - a blade talisman
 H - a maw talisman
Wands
 f - a wand of digging (2)
 C - a wand of iceblast (21)
 D - a wand of flame (55)
 P - a wand of quicksilver (3)
 Q - a wand of mindburst (23)
 V - a wand of polymorph (8)
Scrolls
 b - 6 scrolls of fog
 c - 10 scrolls of immolation
 g - 3 scrolls of blinking
 i - 5 scrolls of vulnerability
 j - 9 scrolls of teleportation
 q - 4 scrolls of enchant weapon
 u - 6 scrolls of butterflies {unknown}
 y - 2 scrolls of amnesia {unknown}
 E - 5 scrolls of poison {unknown}
 I - a scroll of brand weapon {unknown}
 S - 2 scrolls of fear
 X - a scroll of revelation
Potions
 e - 4 potions of haste
 h - 3 potions of mutation
 k - 8 potions of brilliance
 l - 2 potions of cancellation
 m - 2 potions of lignification
 n - 6 potions of curing
 r - a potion of attraction
 s - 6 potions of might
 w - 2 potions of magic
 z - 6 potions of heal wounds
 A - 5 potions of ambrosia
 J - 3 potions of enlightenment
Miscellaneous
 W - a lightning rod (4/4)


   Skills:
 + Level 5.9(10.9) Fighting
 * Level 12.6(17.6) Armour
 - Level 8.3(13.3) Dodging
 - Level 2.7(7.7) Stealth
 + Level 11.8(16.8) Unarmed Combat
 - Level 7.1 Invocations
 * Level 11.8 Shapeshifting


You had 13 spell levels left.
You didn't know any spells.
Your spell library contained the following spells:

 Spells                   Type           Power      Damage    Failure   Level
 Apportation              Tloc           0%         N/A       45%         1
 Necrotise                Necr           0%         1d4       45%         1
 Shock                    Conj/Air       0%         1d3       45%         1
 Slow                     Hex            0%         N/A       45%         1
 Sting                    Tmut/Pois      0%         1d3       45%         1
 Cigotuvi's Dreadful Rot  Necr/Pois/Air  0%         N/A       58%         2
 Ensorcelled Hibernation  Hex/Ice        0%         N/A       58%         2
 Poisonous Vapours        Pois/Air       0%         N/A       58%         2
 Sublimation of Blood     Necr           0%         N/A       58%         2
 Wereblood                Tmut           0%         N/A       58%         2
 Confusing Touch          Hex            0%         N/A       83%         3
 Frozen Ramparts          Ice            0%         1d1       83%         3
 Inner Flame              Hex/Fire       0%         N/A       83%         3
 Swiftness                Air            0%         N/A       83%         3
 Vampiric Draining        Necr           0%         2d6       83%         3
 Airstrike                Air            0%         2d(0-16)  99%         4
 Anguish                  Hex/Necr       0%         N/A       99%         4
 Dispel Undead            Necr           0%         3d6       99%         4
 Flame Wave               Conj/Fire      0%         2d4       99%         4
 Olgreb's Toxic Radiance  Pois           0%         N/A       99%         4
 Petrify                  Tmut/Erth      0%         N/A       99%         4
 Sticky Flame             Conj/Fire      0%         2d3       99%         4
 Alistair's Intoxication  Tmut/Pois      0%         N/A       100%        5
 Borgnjor's Vile Clutch   Necr/Erth      0%         N/A       100%        5
 Fireball                 Conj/Fire      0%         3d3       100%        5
 Iskenderun's Battlesphe  Conj           0%         2d6       100%        5
 Metabolic Englaciation   Hex/Ice        0%         N/A       100%        5
 Conjure Ball Lightning   Conj/Air       0%         3x3d6     100%        6
 Eringya's Noxious Bog    Tmut/Pois      0%         4d6       100%        6
 Orb of Destruction       Conj           0%         9d5       100%        7
 Summon Small Mammal      Summ           Unusable   N/A       N/A         1
 Death Channel            Necr           Unusable   N/A       N/A         6
 Summon Hydra             Summ           Unusable   N/A       N/A         7

Dungeon Overview and Level Annotations

Branches:
Dungeon (12/15)            Temple (1/1) D:7            Lair (5/5) D:11
 Shoals (0/4) Lair:3        Snake (0/4) Lair:2        Slime (0/5) Lair:4
    Orc (2/2) D:11        Ossuary (visited)          Bailey (visited)
    Elf: Orc:2

Altars:
Ashenzari
Cheibriados
Dithmenos
Elyvilon
Fedhas
Gozag
Hepliaklqana
Kikubaaqudgha
Makhleb
Nemelex Xobeh
Okawaru
Qazlal
Ru
Sif Muna
Trog
Uskayaw
Vehumet
Wu Jian
Xom
Yredelemnul
Zin
The Shining One
Jiyva

Shops:
D:6 *   D:7 ?   D:12 :*

Annotations:
D:12 3 runed translucent doors, justen's ghost, journeyman HOBe
Lair:2 3 runed translucent doors, bahustanut's ghost, journeyman OgGl; jejorda2's ghost, adept GnBe
Lair:5 exclusion: obsidian statue


Innate Abilities, Weirdness & Mutations

You are an enormous anaconda.
You have a powerful constriction melee attack.
Your maximum health is increased.
Your armour is entirely melded.
You are incapable of wielding weapons or throwing items.
You are too large for most types of armour.
((You have claws for hands.))
Your natural rate of healing is unusually fast.
((You are covered in fur. (AC +1)))
((You have tough skin. (AC +1)))


Message History

You body-slam the fire giant!!
You kill the fire giant!
Okawaru accepts your kill.
Okay, then.
A red film seems to cover your vision as you go berserk!
You feel yourself moving faster!
You feel mighty!
The frost giant hits you with a +2 battleaxe of freezing!!
* * * LOW HITPOINT WARNING * * *
You feel yourself slow down. The frost giant freezes you!
* * * LOW HITPOINT WARNING * * *
Huge Dmg: -5%(-12hp) hp: 20%(44hp)
You hit the frost giant but do no damage.
The frost giant misses you.
A cyclops comes into view.
You barely miss the frost giant. You hit the frost giant.
The frost giant is lightly wounded.
You feel yourself speed up.
The frost giant hits you but does no damage.
You hit the frost giant.
The frost giant is lightly wounded.
The frost giant hits you with a +2 battleaxe of freezing!!
* * * LOW HITPOINT WARNING * * *
The frost giant freezes you!
* * * LOW HITPOINT WARNING * * *
Huge Dmg: -14%(-32hp) hp: 7%(15hp)
You are too berserk!
You lash the frost giant!
The frost giant is lightly wounded.
You crush the frost giant!!!
The frost giant is heavily wounded.
The frost giant gestures at you while chanting.
The bolt of cold misses you.
You lash the frost giant!
The frost giant is heavily wounded.
You body-slam the frost giant!!
The frost giant is severely wounded.
You hear a bellow!
The frost giant hits you with a +2 battleaxe of freezing!!
You die...

#...^............#
###..#.............#
#......########'#..#
##.####.#..# #..#..#
###..# #.#..' #..#..#
#...## #.##'# #'##..#
#.### #.#8C# #..#..# #.#
#.#C8# #..#.## #.#
#.##S####'##.# #.#
#.#..)..'.[#.# ####.#
##.#..#..#.)#.#
#....######..##########.#
#.......................#
#.>...#...........#######
#.....##..........#
#......######....##
#....#..# #....#######


You could see a frost giant and a cyclops.

Vanquished Creatures
  A fire giant (D:11)
  A dire elephant (Lair:5)
  The ghost of Peulonen the Impaler, a journeyman TeDe of Hepliaklqana (Lair:4)
  3 hydras
  2 boulder beetles
  5 two-headed ogres
  2 centaur warriors (D:11)
  9 death yaks
  A deep troll earth mage (D:11)
  The ghost of GoodGuyCap the Martial Artist, a novice OpSh of Gozag (D:8)
  A skyshark (Lair:5)
  5 skeletal warriors (D:12)
  A spectral anaconda (Lair:5)
  4 necromancers (Lair:5)
  2 orc knights
  Pikel (D:4)
  3 cyclopes
  3 manticores (Lair:4)
  2 dire elephant zombies (Lair:5)
  13 elephants
  8 black mambas
  A torpor snail (Lair:5)
  A gargoyle (D:12)
  11 cane toads
  Psyche (D:12)
  4 kobold demonologists
  2 rime drakes (Lair:5)
  8 komodo dragons
  3 meliai (Lair:4)
  A queen bee (Lair:4)
  4 polar bears
  6 trolls
  A hornet (Lair:3)
  Grinder (D:3)
  A spectral elephant (Lair:5)
  A snapping turtle (Lair:3)
  9 blink frogs
  2 shadows
  2 vampires
  4 wraiths
  6 wyverns
  6 basilisks
  47 yaks
  Grum (Lair:1)
  A death yak simulacrum (Lair:5)
  3 vampire mosquitoes (D:12)
  2 spectral cane toads (Lair:5)
  3 acid dragons
  10 water moccasins
  15 orc warriors
  An ice beast (D:8)
  An elephant zombie (Lair:5)
  2 ogres
  10 wolves
  3 centaurs
  2 phantoms (D:5)
  An elephant skeleton (Lair:5)
  9 kobold brigands
  The ghost of thug444 the Conjurer, an amateur DECj of Vehumet (D:3)
  16 bullfrogs
  2 scorpions
  2 gnoll sergeants
  5 wights (D:8)
  An elephant simulacrum (Lair:5)
  36 killer bees
  3 electric eels (D:11)
  3 howler monkeys
  A human zombie (Ossuary)
  2 centaur zombies (Ossuary)
  5 hounds (D:11)
  A gnoll bouda (D:4)
  7 jellies
  14 orc priests
  4 iguanas
  13 orc wizards
  3 hell rats (Lair:4)
  4 mummies (Ossuary)
  Robin (D:2)
  22 gnolls
  11 adders
  2 dart slugs
  49 orcs
  11 endoplasms
  A giant cockroach (D:1)
  17 goblins
  11 hobgoblins
  6 ball pythons
  2 bats
  A frilled lizard (D:1)
  A goblin zombie (Ossuary)
  A hobgoblin zombie (Ossuary)
  32 kobolds
  2 kobold zombies (Ossuary)
  An orc zombie (Ossuary)
  5 rats
554 creatures vanquished.

Notes
Turn   | Place    | Note
-------+----------+-------------------------------------------
     0 | D:5      | RepHenryClay the Troll Delver began the quest for the Orb.
     0 | D:5      | Reached XP level 1. HP: 22/22 MP: 0/0
     6 | D:5      | Noticed an iguana
    24 | D:4      | Noticed a scorpion
    27 | D:5      | Found a shimmering blue altar of Sif Muna.
    45 | D:5      | Found a sand-covered staircase.
    50 | Ossuary  | Entered an ossuary
   109 | Ossuary  | Reached XP level 2. HP: 29/29 MP: 1/1
   158 | Ossuary  | Reached XP level 3. HP: 34/36 MP: 2/2
   176 | Ossuary  | Reached XP level 4. HP: 26/44 MP: 3/3
   303 | Ossuary  | Reached XP level 5. HP: 50/50 MP: 4/4
   610 | D:4      | Identified the +2 sling of Noebreun {freeze, Int+5}
   655 | D:4      | Reached XP level 6. HP: 35/59 MP: 5/5
   711 | D:4      | Noticed Pikel
   735 | D:4      | Killed Pikel
   736 | D:4      | Reached skill level 5 in Dodging
   736 | D:4      | Reached XP level 7. HP: 56/66 MP: 6/6
   791 | D:4      | Found a white marble altar of Elyvilon.
  1579 | D:2      | Noticed Robin
  1593 | D:2      | Killed Robin
  2207 | D:3      | Identified the +3 halberd of Qysh {vamp, Int+3}
  2243 | D:3      | Noticed Grinder
  2255 | D:3      | Killed Grinder
  2256 | D:3      | Reached XP level 8. HP: 72/74 MP: 7/7
  2643 | D:3      | Found a transporter.
  2643 | D:3      | Found a transporter.
  2653 | D:3      | Noticed thug444's ghost (amateur DECj)
  4140 | D:6      | Found Qikih's General Store.
  4294 | D:6      | Bought a potion of heal wounds for 55 gold pieces
  4365 | D:6      | Reached XP level 9. HP: 48/80 MP: 8/8
  4756 | D:7      | Found a stormy altar of Qazlal.
  4883 | D:7      | Found a staircase to the Ecumenical Temple.
  4892 | Temple   | Entered the Ecumenical Temple
  4934 | D:7      | Found Ekicuch's Magic Scroll Emporium.
  4940 | D:7      | Bought a scroll of identify for 28 gold pieces
  4940 | D:7      | Bought a scroll of identify for 28 gold pieces
  4940 | D:7      | Bought a scroll of identify for 28 gold pieces
  4940 | D:7      | Bought a scroll of identify for 28 gold pieces
  5438 | D:8      | Reached skill level 1 in Shapeshifting
  5525 | D:8      | Found a snail-covered altar of Cheibriados.
  5525 | D:8      | Found an ancient bone altar of Kikubaaqudgha.
  5709 | D:8      | Found a runed translucent gate.
  5709 | D:8      | Found a runed translucent gate.
  5709 | D:8      | Found a runed translucent gate.
  5710 | D:8      | Noticed GoodGuyCap's ghost (novice OpSh)
  5792 | D:8      | Found the +7 Throatcutter {drain, coup de grace}
  5792 | D:8      | Noticed a kobold demonologist
  5792 | D:8      | Noticed a kobold demonologist
  5792 | D:8      | Noticed a kobold demonologist
  5794 | D:8      | Killed a kobold demonologist
  5794 | D:8      | Killed a kobold demonologist
  5794 | D:8      | Killed a kobold demonologist
  5795 | D:8      | Reached skill level 5 in Shapeshifting
  5795 | D:8      | Reached XP level 10. HP: 84/88 MP: 9/9
  6218 | D:8      | Reached skill level 10 in Unarmed Combat
  6864 | D:9      | Noticed a two-headed ogre
  6881 | D:9      | Killed a two-headed ogre
  7245 | D:10     | Entered Level 10 of the Dungeon
  7247 | D:10     | Found a glowing golden altar of the Shining One.
  7250 | D:10     | Found an iron altar of Okawaru.
  7250 | D:10     | Noticed a two-headed ogre
  7261 | D:10     | Killed a two-headed ogre
  7262 | D:10     | Reached skill level 2 in Armour
  7267 | D:10     | Became a worshipper of Warmaster Okawaru
  7418 | D:10     | Noticed a two-headed ogre
  7424 | D:10     | Killed a two-headed ogre
  7471 | D:10     | Reached XP level 11. HP: 75/94 MP: 11/11
  7484 | D:10     | Found a flagged portal.
  7495 | Bailey   | Entered a bailey
  7559 | Bailey   | Noticed an orc knight
  7597 | Bailey   | Killed an orc knight
  7597 | Bailey   | Reached * piety under Okawaru
  7941 | D:10     | Found a hide-covered altar of Uskayaw.
  8200 | D:11     | Noticed a two-headed ogre
  8264 | D:11     | Found a staircase to the Orcish Mines.
  8287 | D:11     | Reached skill level 5 in Invocations
  8291 | D:11     | Reached skill level 3 in Armour
  8338 | D:11     | Reached ** piety under Okawaru
  8343 | D:11     | Killed a two-headed ogre
  8344 | D:11     | Reached skill level 4 in Armour
  8430 | D:11     | Noticed a five-headed hydra
  8460 | D:11     | Killed a five-headed hydra
  8461 | D:11     | Reached skill level 5 in Armour
  8578 | D:11     | Reached skill level 6 in Armour
  8654 | D:11     | Reached *** piety under Okawaru
  8791 | D:11     | Found a runed translucent door.
  8791 | D:11     | Noticed a centaur warrior
  8792 | D:11     | Noticed a fire giant
  8796 | D:11     | Killed a centaur warrior
  8797 | D:11     | Reached skill level 7 in Armour
  8979 | D:11     | Found a staircase to the Lair.
  9077 | D:11     | Noticed a centaur warrior
  9137 | D:12     | Noticed a boulder beetle
  9146 | D:12     | Killed a boulder beetle
  9266 | D:12     | Reached **** piety under Okawaru
  9267 | D:12     | Noticed a two-headed ogre
  9279 | D:12     | Killed a two-headed ogre
  9280 | D:12     | Reached skill level 8 in Armour
  9280 | D:12     | Reached XP level 12. HP: 71/104 MP: 14/14
  9329 | D:12     | Found Atus's Book Emporium.
  9352 | D:12     | Found a runed translucent gate.
  9352 | D:12     | Found a runed translucent gate.
  9354 | D:12     | Found a runed translucent gate.
  9354 | D:12     | Found an opulent altar of Gozag.
  9356 | D:12     | Found Julib's Assorted Antiques.
  9356 | D:12     | Noticed a centaur warrior
  9356 | D:12     | Noticed justen's ghost (journeyman HOBe)
  9508 | D:12     | Found a radiant altar of Vehumet.
  9611 | D:12     | Noticed Psyche
  9618 | D:12     | Killed Psyche
  9625 | D:12     | Reached skill level 9 in Armour
  9718 | D:12     | Reached ***** piety under Okawaru
  9811 | D:12     | Reached skill level 10 in Armour
 10172 | Orc:1    | Entered Level 1 of the Orcish Mines
 10513 | Orc:2    | Entered Level 2 of the Orcish Mines
 10598 | D:7      | Bought a scroll of acquirement for 728 gold pieces
 10598 | D:7      | Acquired 260 gold pieces
 10599 | D:7      | Acquired 800 gold pieces
 10600 | D:7      | Acquired 564 gold pieces
 10728 | Lair:1   | Entered Level 1 of the Lair of Beasts
 10964 | Lair:1   | Received a gift from Okawaru
 11176 | Lair:1   | Noticed Grum
 11200 | Lair:1   | Killed Grum
 12189 | Lair:2   | Found a runed translucent gate.
 12189 | Lair:2   | Found a runed translucent gate.
 12189 | Lair:2   | Found a runed translucent gate.
 12190 | Lair:2   | Noticed bahustanut's ghost (journeyman OgGl)
 12191 | Lair:2   | Noticed jejorda2's ghost (adept GnBe)
 12275 | Lair:2   | Reached XP level 13. HP: 96/111 MP: 17/17
 12677 | Lair:2   | Found a staircase to the Snake Pit.
 13373 | Lair:3   | You fall into a shaft and drop 1 floor!
 13517 | Lair:4   | Found a viscous altar of Jiyva.
 13519 | Lair:4   | Found a staircase to the Slime Pits.
 13735 | Lair:3   | Identified the +7 dagger of the Cup {holy, Int+6}
 13763 | Lair:3   | Found a staircase to the Shoals.
 13923 | Lair:3   | Received a gift from Okawaru
 14343 | Lair:4   | Reached skill level 11 in Armour
 14634 | Lair:4   | Found a runed translucent gate.
 14634 | Lair:4   | Found a runed translucent gate.
 14634 | Lair:4   | Found a runed translucent gate.
 14638 | Lair:4   | Noticed Peulonen's ghost (journeyman TeDe)
 14677 | Lair:4   | Identified the +5 shortbow of Naots {flame, Int+2}
 15385 | Lair:4   | Reached ****** piety under Okawaru
 15386 | Lair:4   | Reached skill level 10 in Shapeshifting
 15485 | Lair:4   | Identified the +2 morningstar "Kuoc Afo" {protect, rC+}
                  | (Okawaru gifted it to you on level 4 of the Lair of Beasts)
 15485 | Lair:4   | Received a gift from Okawaru
 15752 | Lair:4   | Killed Peulonen's ghost
 15802 | Lair:5   | Entered Level 5 of the Lair of Beasts
 15896 | Lair:5   | Reached XP level 14. HP: 124/124 MP: 18/18
 16117 | Lair:5   | Received a gift from Okawaru
 16117 | Lair:5   | Found the +7 Spriggan's Knife {stab, EV+4 Stlth+}
 16129 | Lair:5   | Reached skill level 5 in Fighting
 16340 | Lair:5   | Reached skill level 12 in Armour
 16785 | Lair:5   | Received a gift from Okawaru
 17260 | Lair:5   | Identified the staff of Reinforcement {rElec Stlth+ Air}
 17758 | Lair:5   | Identified the +3 robe of Xoraba {Regen+} (Okawaru gifted
                  | it to you on level 5 of the Lair of Beasts)
 17758 | Lair:5   | Received a gift from Okawaru
 18205 | D:3      | Killed thug444's ghost
 18524 | D:8      | Killed GoodGuyCap's ghost
 18660 | D:11     | Identified the +4 triple sword "No More Talking" {holy,
                  | *Slow rPois Will+ Dex+6}
 18667 | D:11     | Noticed a frost giant
 18671 | D:11     | Killed a fire giant
 18680 | D:11     | Slain by a frost giant

Illustrated notes

Levels and vault maps discovered:
D:1:      dpeg_arrival_windows_large_door, layout_loops_ring
D:2:      layout_loops_cross, uniq_robin
D:3:      layout_loops_ring, gammafunk_ghost_gnarly_gnolls, serial_rivers,
          chequers_serial_rivers_small_b, chequers_serial_rivers_room_b,
          chequers_serial_rivers_large_b, chequers_serial_rivers_micro_c,
          serial_bayou_lake_a, uniq_grinder
D:4:      layout_basic, mainiacjoe_overflow_24_doors, uniq_pikel
D:5:      layout_gridville, lemuel_blue_sif_altar, enter_ossuary_2, minivault_1
D:6:      layout_rooms, serial_shops, nicolae_shop_behind_doors
D:7:      layout_basic, nicolae_overflow_crystal_walls,
          minmay_temple_entry_arrows, serial_shops, shop
D:8:      layout_loops_corners, amethyst_overflow_temple_binary,
          ebering_ghost_rock_garden, dilly_guarded_unrand_throatcut
D:9:      layout_cave_pools
D:10:     layout_basic, nicolae_uskayaw_dance_hall, grunt_temple_overflow_open,
          enter_bailey_3, skrybe_limestone_x
D:11:     layout_rooms, erik_lair_island, david_orc_3, minivault_13
D:12:     layout_basic, serial_shops, nicolae_shop_tiny_glass,
          ebering_ghost_gozag, nicolae_vehumet_altar_sigil, uniq_psyche
Temple:   nicolae_temple_great_sept
Lair:1:   layout_layer_cave, uniq_grum
Lair:2:   layout_concentric_octagons, dummy_snake_entry,
          gammafunk_ghost_cemetery
Lair:3:   layout_gridlike, minmay_shoals_entry_hut
Lair:4:   regret_index_wax_grids, layout_long_grid,
          nicolae_slime_entry_slimehenge, gammafunk_ghost_split
Lair:5:   due_jungle_book, layout_cave_shapes, infiniplex_staircase_pool_2,
          grunt_megastairs_5, lemuel_fruit_tree, serial_bayou_shore_a
Orc:1:    minmay_goldmine, layout_caves, ebering_ghost_rock_garden,
          kennysheep_orc_chapel
Orc:2:    grunt_orc_tribal_feast, layout_caves, uniq_sonja

Skill      XL: |  1  2  3  4  5  6  7  8  9 10 11 12 13 14 |
---------------+-------------------------------------------+-----
Dodging        | 2 3 5 7 8 |  8.3
Unarmed Combat | 3 4 6 8 9 10 11 | 11.8
Shapeshifting  | 5 8 10 11 | 11.8
Armour         | 2 8 10 11 12 | 12.6
Invocations    | 2 5 7 |  7.1
Fighting       | 3 4 5 |  5.9
Stealth        | |  2.7

Action                     |  1- 3 |  4- 6 |  7- 9 | 10-12 | 13-15 || total
---------------------------+-------+-------+-------+-------+-------++-------
  Melee: Unarmed           |    29 |    67 |   415 |   560 |   758 ||  1829
         Punch             |       |     1 |    16 |     9 |     6 ||    32
         Constrict         |       |       |       |    85 |   121 ||   206
         Maw               |       |       |       |       |     3 ||     3
  Throw: Dart              |       |       |     8 |    11 |       ||    19
 Invoke: Heroism           |       |       |       |     4 |     5 ||     9
Ability: Begin Untransform |       |       |       |     2 |     1 ||     3
  Evoke: Wand              |       |       |     3 |     7 |     3 ||    13
    Use: Scroll            |     1 |       |    11 |     6 |     6 ||    24
         Potion            |       |     1 |       |     1 |     1 ||     3
   Stab: Sleeping          |       |     4 |     5 |     2 |     3 ||    14
         Distracted        |       |       |       |     1 |       ||     1
 Armour: Robe              |     6 |     8 |   105 |     6 |       ||   125
         Acid dragon scale |       |       |       |    26 |    14 ||    40
         Skin              |       |       |       |   101 |   190 ||   291
  Dodge: Dodged            |    14 |    27 |   231 |   324 |   578 ||  1174
   Form: Anaconda          |       |       |       |     3 |     3 ||     6
         Blade             |       |       |       |     1 |     1 ||     2
         Maw               |       |       |       |     1 |       ||     1

Table legend: (Time is in decaauts)
 A = Elapsed time spent in this place.
 B = Non-inter-level travel time spent in this place.
 C = Inter-level travel time spent in this place.
 D = Time resting spent in this place.
 E = Time spent auto-exploring this place.
 F = Levels seen in this place.
 G = Mean time per level.
                   A        B        C        D        E       F      G
               +--------+--------+--------+--------+--------+-----+--------+
         Total |  18384 |  16792 |   1592 |    675 |  12174 |  22 |  835.6 |
       Dungeon |  10519 |   9277 |   1242 |    438 |   6640 |  12 |  876.6 |
        Temple |     14 |     14 |      0 |      0 |      0 |   1 |   14.0 |
          Lair |   7047 |   6718 |    329 |    231 |   5074 |   5 | 1409.4 |
  Orcish Mines |    173 |    154 |     19 |      0 |    117 |   2 |   86.5 |
       Ossuary |    290 |    290 |      0 |      5 |    145 |   1 |  290.0 |
        Bailey |    339 |    339 |      0 |      0 |    197 |   1 |  339.0 |
               +--------+--------+--------+--------+--------+-----+--------+

Top non-repeatable levels by time:
  Lair:4: 1851 daAuts
  Lair:5: 1793 daAuts
     D:8: 1428 daAuts
  Lair:1: 1383 daAuts
    D:11: 1169 daAuts
  Lair:3: 1116 daAuts
    D:12: 1013 daAuts
     D:3: 908 daAuts
  Lair:2: 904 daAuts
     D:4: 877 daAuts
     D:5: 824 daAuts
     D:6: 806 daAuts
    D:10: 776 daAuts
     D:2: 715 daAuts
     D:7: 700 daAuts
